 Dungeon Crawl Stone Soup version 0.29.0-4-gdea44cf6ec (webtiles) character file.

Game seed: 1892139912544410265

13 qw the Chopper (level 2, -2/17 HPs)
             Began as a Tengu Warper on Aug 28, 2022.
             Succumbed to their own poison gas
             ... on level 1 of the Dungeon.
             The game lasted 00:00:03 (595 turns).

qw the Chopper (Tengu Warper)                        Turns: 595, Time: 00:00:04

Health: -2/17      AC:  5    Str: 11    XL:     2   Next: 37%
Magic:  6/6        EV: 10    Int: 13    God:
Gold:   68         SH:  0    Dex: 13    Spells: 5/5 levels left

rFire   . . .      SeeInvis .   Y - +0 hand axe
rCold   . . .      Faith    .   (no shield)
rNeg    . . .      Spirit   .   k - +0 ring mail
rPois   .          Reflect  .   (helmet restricted)
rElec   .          Harm     .   (no cloak)
rCorr   .          Rampage  .   (no gloves)
Will    .....                   (boots unavailable)
Stlth   +.........              (no amulet)
HPRegen 0.05/turn               (no ring)
MPRegen 0.10/turn               (no ring)

@: lethally poisoned (-2 -> -16)
A: beak, talons 3
a: no special abilities


You were on level 1 of the Dungeon.
You visited 1 branch of the dungeon, and saw 1 of its levels.

You collected 68 gold pieces.


Innate Abilities, Weirdness & Mutations

You have a beak for a mouth.
You have claws for feet.


   Skills:
 - Level 2.0 Fighting
 + Level 3.3 Axes
 - Level 1.0 Throwing
 - Level 1.1 Armour
 - Level 2.1 Dodging
 - Level 2.0 Spellcasting
 - Level 2.4 Translocations


You had 5 spell levels left.
You didn't know any spells.
Your spell library contained the following spells:

 Spells                   Type           Power      Damage    Failure   Level
 Blink                    Tloc           14%        N/A       34%         2
 Gell's Gravitas          Tloc           7%         N/A       56%         3
 Lesser Beckoning         Tloc           7%         N/A       56%         3
 Teleport Other           Tloc           7%         N/A       56%         3
 Manifold Assault         Tloc           7%         N/A       99%         5

Inventory:

Hand Weapons
 e - a +0 whip
 Y - a +0 hand axe (weapon)
Armour
 k - a +0 ring mail (worn)
Scrolls
 l - a scroll of identify
Potions
 d - a potion of brilliance {unknown}
 f - a potion of attraction {unknown}

Dungeon Overview and Level Annotations

Branches:
Dungeon (1/15)

Altars:

Shops:
D:1 :


Message History

587 ||| READING scroll labelled QOTTUB ZOOXTURGHU.
As you read the scroll labelled QOTTUB ZOOXTURGHU, it crumbles to dust.
You assume a fearsome visage.
Nothing appears to happen.
It was a scroll of fear.
Done exploring.
588 ||| READING 2 scrolls labelled UXEID JOISCH.
The air fills with toxic fumes!
As you read the scroll labelled UXEID JOISCH, it crumbles to dust.
It was a scroll of poison.
Done exploring.
589 ||| READING scroll labelled MUSENG FOMAE.
As you read the scroll labelled MUSENG FOMAE, it crumbles to dust.
It is a scroll of enchant armour.
Really abort (and waste the scroll)?
Done exploring.
590 ||| READING 2 scrolls labelled XITIPN RUNEBEM.
As you read the scroll labelled XITIPN RUNEBEM, it crumbles to dust.
It is a scroll of identify.
Really abort (and waste the scroll)?
Done exploring.
591 ||| DROPPING scroll of blinking.
You drop a scroll of blinking.
Done exploring.
592 ||| DROPPING scroll of poison.
You drop a scroll of poison.
Done exploring.
(D) Dungeon
Where to? (* - list waypoints, ? - help)
What level of the Dungeon? (default 1, ? - help) Sorry, I don't know how to get there.
Done exploring.
593 ||| Stepping randomly (stuck).
Really walk into that cloud of poison gas?
You are engulfed in poison gas.
You are lethally poisoned!
You feel very sick.
594 ||| Stepping ~*~*~tactically~*~*~ (cloud).
You feel very sick.
Things that are here:
a scroll of poison; a scroll of blinking
There is a lethal amount of poison in your body!
You die...

#.# #########.#..#
#.########¤¤¤......##..
#.##......¤0.[.#####..#
#..#¤###.¤0###..##.....
##.#¤# #00¤# #.......##
#¤#¤###¤¤0###..#.####
#¤¤0¤¤¤¤¤¤¤¤.....#
###00¤¤¤¤¤¤0...### ###
#¤¤@¤¤¤¤¤¤..######.#
#########¤###¤¤¤###........#
#......¤¤.# #..¤# #.####...#
#....0¤0..###...###.##.....#
#...¤00.....................
#...0¤...###.#........######
#...¤....# #..........#
#........# #...########
#........# #..)#######


There were no monsters in sight!

Vanquished Creatures
  2 endoplasms (D:1)
  A giant cockroach (D:1)
  A goblin (D:1)
  A hobgoblin (D:1)
  A quokka (D:1)
  3 bats (D:1)
  A frilled lizard (D:1)
  2 kobolds (D:1)
  A rat (D:1)
13 creatures vanquished.

Notes
Turn   | Place    | Note
-------+----------+-------------------------------------------
     0 | D:1      | qw the Tengu Warper began the quest for the Orb.
     0 | D:1      | Reached XP level 1. HP: 12/12 MP: 4/4
     0 | D:1      | 0 ||| qw: Version: 0.1-a-89-g26bdef1
     0 | D:1      | 0 ||| qw: Game counter: 119
     0 | D:1      | 0 ||| qw: Always use a shield: true
     0 | D:1      | 0 ||| qw: God list: Okawaru
     0 | D:1      | 0 ||| qw: Allow faded altars: false
     0 | D:1      | 0 ||| qw: Do Orc after D:15 true
     0 | D:1      | 0 ||| qw: Do second Lair branch before Depths: true
     0 | D:1      | 0 ||| qw: Lair rune preference: random
     0 | D:1      | 0 ||| qw: Plans: Normal
     0 | D:1      | 0 ||| PLANNING D:1-11
    68 | D:1      | 68 ||| Stepping ~*~*~tactically~*~*~ (stealth).
    69 | D:1      | 69 ||| Stepping ~*~*~tactically~*~*~ (stealth).
   204 | D:1      | Reached XP level 2. HP: 17/17 MP: 6/6
   242 | D:1      | Found Iteasuag's Book Boutique.
   293 | D:1      | Reached skill level 3 in Axes
   572 | D:1      | 572 ||| UPGRADING to +0 ring mail.
   582 | D:1      | 582 ||| DROPPING +0 leather armour.
   583 | D:1      | 583 ||| READING scroll labelled CEFOIT IMUA.
   587 | D:1      | 587 ||| READING scroll labelled QOTTUB ZOOXTURGHU.
   588 | D:1      | 588 ||| READING 2 scrolls labelled UXEID JOISCH.
   589 | D:1      | 589 ||| READING scroll labelled MUSENG FOMAE.
   590 | D:1      | 590 ||| READING 2 scrolls labelled XITIPN RUNEBEM.
   591 | D:1      | 591 ||| DROPPING scroll of blinking.
   592 | D:1      | 592 ||| DROPPING scroll of poison.
   593 | D:1      | 593 ||| Stepping randomly (stuck).
   593 | D:1      | HP: 4/17 [poisoned by you (poison gas)]
   594 | D:1      | 594 ||| Stepping ~*~*~tactically~*~*~ (cloud).
   594 | D:1      | HP: 1/17 [poisoned by you (poison gas)]
   595 | D:1      | Succumbed to their own poison gas

Levels and vault maps discovered:
D:1:      amcnicky_arrival_blooded_trapdoor, layout_rooms, serial_shops,
          nicolae_shop_crystal, minmay_misc_feat_cross

Skill      XL: |  1  2 |
---------------+-------+-----
Axes           | 3 |  3.3
Fighting       | |  2.0
Throwing       | |  1.0
Armour         | |  1.1
Dodging        | |  2.1
Spellcasting   | |  2.0
Translocations | |  2.4

Action                   || total
-------------------------++-------
Melee: Hand axe          ||    24
       Kick              ||     5
       Peck              ||     3
Throw: Boomerang         ||    12
  Use: Scroll            ||     5
Armor: Leather armour    ||     6
Dodge: Dodged            ||    10

Table legend:
 A = Non-vault XP
 B = Vault XP
 C = Vault XP percentage of total XP
 D = Non-vault monster count
 E = Vault monster count
 F = Vault count percentage of total count
                 A         B        C        D         E       F
            +---------+---------+-------+---------+---------+-------
      Total |      19 |       0 |   0.0 |      13 |       0 |   0.0
            +---------+---------+-------+---------+---------+-------
        D:1 |      19 |       0 |   0.0 |      13 |       0 |   0.0
            +---------+---------+-------+---------+---------+-------
